Unix NetHack Version 5.0.0-0 post-release - last build May 31 2026 23:59:36 (970b52f25bf058293b47ddfd14a1e40e571c508c,branch:main).

Game began 2026-06-05 17:00:41, ended 2026-06-05 18:07:42.

DiePARTEI, neutral female human Tourist

                       --------------------------------#
                       |..............................|#
                       |...-----  ----.-----|------...|#
                      #....|)[[|  |..|.-.!%|. |(((|...|#    -----------
                      #|)..|*/.|  |..-.|.%!|..|...|...|#    |.........|
                  # ###|...|%[.|  |---.-------|(((|...|#####...)......|
                  #####|...---|-+--...........---|-...|#    |.........|
            ###########|.............)..........)..(..|#    -----------
               #      #|......)....{.--)----.{........|#
               #      #|.............|.^)))|.....(....|#
            [###      #|....-|---.[..|...@.|..---|-...|#
           ##         #-.---|.(.|-|-.|..a..||-|.(.|...|#
          ))           |.-..|((.|..|.|..@..|. |..+|...|#
         ##            |.|..|(((|..|.------|..|++.|...|#                  ##
  ------)#             |.-----------.......--------...|#            -------|-
  |....|)              |..............................|#############........|
  |....)))))#)######## .-------------------------------             |...^...|
  |.(<)|             ###############################################......>.|
  ------                                                            ---------

DiePARTEI the Excursionist  St:14 Dx:11 Co:17 In:15 Wi:11 Ch:18  Neutral
Dlvl:7  $:456 HP:0(62) Pw:32(32) AC:0  Xp:7 T:5849  Burdened

Latest messages:
 You have a forbidding feeling...
 The fire ant bites!
 The fire ant bites again!
 You're on fire!
 In what direction? 6
 The dart hits the fire ant!
 The fire ant bites!
 The fire ant misses!
 The fire ant bites!
 The fire ant misses!
 In what direction? 6
 You throw 2 darts.
 The 1st dart hits the fire ant.
 The 2nd dart hits the fire ant.
 The fire ant bites!
 The fire ant bites again!
 You're on fire!
 In what direction? 6
 You throw 2 darts.
 The 1st dart hits the fire ant.
 You kill the fire ant!
 In what direction? 7
 The dart hits the fire ant!
 The fire ant bites!
 The fire ant bites again!
 You're on fire!
 In what direction? 7
 You throw 2 darts.
 The 1st dart hits the fire ant.
 The 2nd dart hits the fire ant!
 The fire ant bites!
 The fire ant bites again!
 You're on fire!
 In what direction? 8
 You kill the fire ant!
 In what direction? 8
 You throw 2 darts.
 The 1st dart hits the fire ant!
 The 2nd dart misses the fire ant.
 Are you sure you want to pray? [yn] (n) y
 You begin praying to The Lady.
 The fire ant bites!
 The fire ant bites again!
 You're on fire!
 You die...
 Do you want your possessions identified? [ynq] (y) y
 Do you want to see your attributes? [ynq] (y) y
 Do you want an account of creatures vanquished? [ynaq] (y) y
 Do you want to see your conduct and achievements? [ynq] (y) y
 Do you want to see the dungeon overview? [ynq] (y) y

Inventory:
 Coins    ('$')
  $ - 456 gold pieces
 Weapons  (')')
  G - 6 +0 darts
  T - 5 +0 daggers
 Armor    ('[')
  d - an uncursed greased +0 orcish helm (being worn)
  K - an uncursed greased +0 pair of leather gloves (being worn)
  M - an uncursed greased +0 pair of speed boots (being worn)
  g - an uncursed greased +0 shield of drain resistance (being worn)
  m - an uncursed greased fireproof +0 cloak of magic resistance (being worn)
  J - an uncursed +0 mummy wrapping
  j - an uncursed +0 Hawaiian shirt with a giant eel motif (being worn)
  Q - an uncursed +0 chain mail (being worn)
 Comestibles  ('%')
  b - 2 uncursed food rations
  o - 3 cursed food rations
  e - 2 uncursed pancakes
 Scrolls  ('?')
  I - 4 uncursed scrolls of blank paper
  E - 2 uncursed scrolls of destroy armor
  A - an uncursed scroll of earth
  L - an uncursed scroll of fire
  i - a blessed scroll of magic mapping
  h - an uncursed scroll of magic mapping
 Spellbooks  ('+')
  q - an uncursed spellbook of stone to flesh
 Potions  ('!')
  f - an uncursed potion of full healing
  Z - an uncursed potion of see invisible
  O - 2 uncursed potions of water
 Rings    ('=')
  C - a cursed ring of shock resistance
  F - an uncursed ring of teleport control
  n - an uncursed ring of warning
 Wands    ('/')
  u - a wand of digging (0:1)
 Tools    ('(')
  s - an uncursed sack containing 1 item
  r - an uncursed blindfold
  U - an uncursed brass lantern
  t - a blessed can of grease (0:19)
  k - an expensive camera (0:46)
  B - a magic marker (0:21)
  l - a cursed skeleton key
  H - an uncursed stethoscope
  c - a +0 unicorn horn
 Gems/Stones  ('*')
  N - 2 uncursed worthless pieces of green glass
  S - 2 uncursed worthless pieces of red glass
  W - an uncursed worthless piece of white glass
  X - an uncursed worthless piece of yellowish brown glass

Contents of the sack:
  1040 gold pieces

DiePARTEI the Tourist's attributes:

Background:
 You were an Excursionist, a level 7 female human Tourist.
 You were neutral, on a mission for The Lady
 who was opposed by Blind Io (lawful) and Offler (chaotic).
 You were right-handed.
 You were in the Gnomish Mines, on level 7.
 You entered the dungeon 5849 turns ago.
 You had 751 experience points, 529 more were needed to attain level 8.

Basics:
 You had 0 out of 62 hit points.
 You had all 32 energy points (spell power).
 Your armor class was 0.
 Your wallet contained 456 zorkmids, and
 you had 1040 more stashed away in your pack.
 Autopickup was off.

Final Characteristics:
 Your strength was 14 (limit:18/100).
 Your dexterity was 11 (limit:18).
 Your constitution was 17 (limit:18).
 Your intelligence was 15 (limit:18).
 Your wisdom was 11 (limit:18).
 Your charisma was 18 (limit:18).

Final Status:
 You weren't hungry.
 You were burdened; movement was slightly slowed.
 You were empty handed.
 You had basic skill with bare handed combat.

Final Attributes:
 You were piously aligned.
 You were magic-protected.
 You were level-drain resistant.
 You were telepathic.
 You were warded.
 Your spell casting was impaired by metallic armor.
 You were very fast.
 You are dead.

Miscellaneous:
 You encountered 1 bones level.
 Total elapsed playing time was 1 hour and 7 minutes.

Major events:
 Turn
    1: DiePARTEI the neutral female human Tourist entered the dungeon
  341: attained the rank of Sightseer (level 3)
 2338: entered the Gnomish Mines
 3136: attained the rank of Excursionist (level 6)
 4412: reached Mine Town
 5747: read a Discworld novel
 5849: killed by a fire ant, while praying

Spells:
 Name                 Level Category     Fail Retention
 jumping                1   escape       100%  76%-100%
 sleep                  3   enchantment  100%  76%-100%
 healing                1   healing      100%  76%-100%
 detect unseen          3   divination   100%  76%-100%
 drain life             2   attack       100%  76%-100%
 stone to flesh         3   healing      100%  76%-100%
 force bolt             1   attack       100%  76%-100%

Skills:
 Fighting Skills
   bare handed combat [Basic]
   two weapon combat  [Unskilled]
   riding             [Unskilled]
 Weapon Skills
   dagger             [Unskilled]
   knife              [Unskilled]
   axe                [Unskilled]
   pick-axe           [Unskilled]
   short sword        [Unskilled]
   broadsword         [Unskilled]
   long sword         [Unskilled]
   two-handed sword   [Unskilled]
   saber              [Unskilled]
   mace               [Unskilled]
   morning star       [Unskilled]
   flail              [Unskilled]
   hammer             [Unskilled]
   quarterstaff       [Unskilled]
   polearms           [Unskilled]
   spear              [Unskilled]
   trident            [Unskilled]
   lance              [Unskilled]
   bow                [Unskilled]
   sling              [Unskilled]
   crossbow           [Unskilled]
   dart               [Skilled]
   shuriken           [Unskilled]
   boomerang          [Unskilled]
   whip               [Unskilled]
   unicorn horn       [Unskilled]
 Spellcasting Skills
   divination spells  [Unskilled]
   enchantment spells [Unskilled]
   escape spells      [Unskilled]

Voluntary challenges:
 Character rerolling was not enabled.
 You never genocided any monsters.
 You never polymorphed an object.
 You never changed form.
 You used no wishes.
Achievements:
 You attained the rank of Sightseer.
 You entered the Gnomish Mines.
 You attained the rank of Excursionist.
 You entered Minetown.
 You entered a shop.
 You entered a temple.
 You read from a Discworld novel.

 The Dungeons of Doom: levels 1 to 4
    Level 1:
       A fountain.
    Level 2:
       Some fountains.
    Level 3:
       An altar, some fountains.
    Level 4:
       A fountain.
       Stairs down to The Gnomish Mines.
 The Gnomish Mines: levels 5 to 7
    Level 5:
    Level 6:
    Level 7: <- You were here.
       Many shops, a temple and an altar, some fountains.
       Final resting place for
          you, killed by a fire ant, while praying,
          smithman3-Wiz-Hum-Mal-Neu, poisoned by a rotted giant beetle corpse, while praying.


Vanquished creatures:
  a ghost
  a winter wolf
  3 watchmen
  a panther
  a leprechaun
 an iron piercer
  a gnome ruler
  a yeti
  a dingo
  a jaguar
  a dwarf leader
  a white unicorn
  a dust vortex
  a raven
  a gnome mummy
  4 fire ants
 10 wood nymphs
  a mountain nymph
 an orc shaman
  a rock piercer
  a rock mole
  a fog cloud
  2 yellow lights
  a shrieker
  2 gnome leaders
  a gnomish wizard
  2 giant ants
  a floating eye
  a kitten
  3 dwarves
  a homunculus
  a kobold leader
  3 kobold shamans
  9 hill orcs
  4 rothes
  2 rabid rats
  a centipede
  a werejackal
  2 iguanas
  7 killer bees
  2 coyotes
  4 hobbits
  3 manes
  a large kobold
  2 hobgoblins
  2 giant rats
  4 cave spiders
  3 brown molds
 17 gnomes
  a gnome zombie
  4 geckos
  2 jackals
  a fox
  2 sewer rats
 13 grid bugs
  7 lichens
  6 newts
154 creatures vanquished.

No species were genocided or became extinct.

Game over:
                       ----------
                      /          \
                     /    REST    \
                    /      IN      \
                   /     PEACE      \
                  /                  \
                  |    DiePARTEI     |
                  |     1496 Au      |
                  | killed by a fire |
                  |       ant        |
                  |                  |
                  |                  |
                  |       2026       |
                 *|     *  *  *      | *
        _________)/\\_//(\/(/\)/\//\/|_)_______

Aloha DiePARTEI the Tourist...

You died in The Gnomish Mines on dungeon level 7 with 4286 points,
and 1496 pieces of gold, after 5849 moves.
You were level 7 with a maximum of 62 hit points when you died.

